 Dungeon Crawl Stone Soup version 0.22-a0-75-g1fede22 (webtiles) character file.

14573 KristoblXynda the Carver (level 11, -3/79 HPs)
             Began as a Grey Draconian Gladiator on Jan 12, 2018.
             Was an Elder of Qazlal.
             Slain by Snorg (19 damage)
             ... on level 11 of the Dungeon.
             The game lasted 00:23:33 (11254 turns).

KristoblXynda the Carver (DrGl)                    Turns: 11254, Time: 00:23:34

Health: -3/79      AC: 14    Str: 17    XL:     11   Next: 90%
Magic:  17/17      EV: 17    Int: 10    God:    Qazlal [****..]
Gold:   208        SH: 15    Dex: 16    Spells: 10/10 levels left

rFire    . . .     SeeInvis .   r - +4 falchion
rCold    . . .     Gourm    .   x - +0 shield
rNeg     . . .     Faith    .   (armour unavailable)
rPois    .         Spirit   .   b - +0 hat
rElec    .         Reflect  .   (no cloak)
rCorr    .         Harm     .   (no gloves)
MR       .....                  k - +1 pair of boots
Stlth    +.........             (no amulet)
HPRegen  0.23/turn              (no ring)
MPRegen  0.15/turn              (no ring)

@: repel missiles
A: walk through water, unfitting armour, hooves 1, stinger 1, blurry vision 1,
clever 1, unbreathing, cold-blooded, AC +12
a: Upheaval, Elemental Force, Renounce Religion


You were on level 11 of the Dungeon.
You worshipped Qazlal.
Qazlal was greatly pleased with you.
You were not hungry.

You visited 2 branches of the dungeon, and saw 12 of its levels.

You collected 416 gold pieces.
You spent 208 gold pieces at shops.

Inventory:

Hand Weapons
 a - a +1 long sword
 j - a +0 hand crossbow
 r - a +4 falchion (weapon)
Missiles
 c - 2 throwing nets (quivered)
 s - 23 bolts
Armour
 b - a +0 hat (worn)
 k - a +1 pair of boots (worn)
 x - a +0 shield (worn)
Jewellery
 p - an uncursed amulet of the gourmand {unknown}
Wands
 h - a wand of iceblast (18)
 q - a wand of acid (4)
Scrolls
 g - 2 scrolls of enchant weapon
 m - a scroll of teleportation
 t - 2 scrolls of amnesia
Potions
 e - 2 potions of haste
 f - 3 potions of magic
 i - 2 potions of brilliance
 l - a potion of invisibility
 n - 2 potions of agility
 o - 2 potions of lignification
 u - a potion of curing
 z - a potion of ambrosia
Books
 v - a book of Cantrips

   Spells                             Type                      Level
   a - Confusing Touch                Hexes                        1
   b - Animate Skeleton               Necromancy                   1
   c - Summon Small Mammal            Summoning                    1
   d - Apportation                    Translocation                1
 y - a book of Minor Magic

   Spells                             Type                      Level
   a - Magic Dart                     Conjuration                  1
   b - Blink                          Translocation                2
   c - Call Imp                       Summoning                    2
   d - Slow                           Hexes                        2
   e - Conjure Flame                  Conjuration/Fire             3
   f - Mephitic Cloud                 Conjuration/Poison/Air       3
 C - a book of Changes

   Spells                             Type                      Level
   a - Beastly Appendage              Transmutation                1
   b - Sticks to Snakes               Transmutation                2
   c - Spider Form                    Transmutation/Poison         3
   d - Ice Form                       Ice/Transmutation            4
   e - Blade Hands                    Transmutation                5
Comestibles
 d - 11 rations


   Skills:
 - Level 2.1 Fighting
 + Level 12.4 Long Blades
 - Level 2.0 Throwing
 + Level 10.0 Dodging
 + Level 5.0 Shields
 - Level 8.0 Invocations
 - Level 6.0 Evocations


You had 10 spell levels left.
You didn't know any spells.

Dungeon Overview and Level Annotations

Branches:
Dungeon (11/15)            Temple (1/1) D:4            Lair (0/6) D:11
    Orc (0/2) D:10

Altars:
Ashenzari
Cheibriados
Dithmenos
Elyvilon
Fedhas
Gozag
Hepliaklqana
Kikubaaqudgha
Makhleb
Nemelex Xobeh
Okawaru
Qazlal
Ru
Sif Muna
Trog
Uskayaw
Vehumet
Wu Jian
Xom
Yredelemnul
Zin
The Shining One

Shops:
D:11 !

Annotations:
D:11 Snorg


Innate Abilities, Weirdness & Mutations

You can walk through water.
Your dull iron-grey scales are very hard. (AC +12)
You cannot fit into any form of body armour.
You can survive without breathing.
You are cold-blooded and may be slowed by cold attacks.
You have large cloven feet.
Your tail ends in a poisonous barb.
Scrolls take you a little longer to read.
Your mind is acute. (Int +2)


Message History

Snorg is heavily wounded.
Snorg bites you but does no damage. You block Snorg's attack.
Snorg claws you but does no damage. You block Snorg's attack.
Snorg claws you but does no damage. Snorg completely misses you.
You block Snorg's attack. Snorg claws you. Snorg closely misses you.
You closely miss Snorg.
Snorg is heavily wounded.
You block Snorg's attack. x2; Snorg misses you.
You slash Snorg! You tail-slap Snorg.
Snorg is poisoned.
Snorg is heavily wounded.
You block Snorg's attack. Snorg barely misses you. You block Snorg's attack.
You slash Snorg!
Snorg is heavily wounded.
Snorg bites you!! You block Snorg's attack. x2
You hit Snorg.
Snorg is heavily wounded.
Snorg bites you!
* * * LOW HITPOINT WARNING * * *
Snorg claws you!!
You die...

######## ##.÷.###
####......######...#(##
#...........##.........
#..........##..##......
#............##.......
#........<.###........
#...§.§..## #........
#....§.## #.........
###@..## .........#
#.T#.## ........#
.....>.....#.†.####
.......
..............## ......
.............## ..#
..............#
..............##
..........>....#
...............## #.


You could see Snorg (berserk).

Vanquished Creatures
  A hydra (D:11)
  6 two-headed ogres
  Pikel (D:7)
  2 cyclopes (D:11)
  2 ugly things
  A centaur zombie (D:10)
  The ghost of Curus the Chopper, a novice HOAK of Lugonu (D:4)
  Psyche (D:10)
  Joseph (D:7)
  A kobold demonologist (D:11)
  3 hippogriffs
  2 yaks
  3 hogs (D:10)
  A steam dragon (D:11)
  A human (D:10)
  Menkaure (D:6)
  Edmund (D:6)
  A soldier ant (D:11)
  A water moccasin (D:6)
  A porcupine (D:11)
  4 orc warriors
  2 sky beasts
  A slave (D:7)
  2 ice beasts
  2 necrophages
  6 ogres
  2 phantoms
  2 centaurs
  A crocodile (D:11)
  7 bullfrogs
  A big kobold (D:8)
  2 gnoll sergeants
  A wyvern zombie (D:11)
  3 scorpions
  A water moccasin skeleton (D:6)
  3 killer bees (D:10)
  7 wights
  A howler monkey (D:10)
  An electric eel (D:7)
  3 crimson imps
  2 bullfrog zombies
  3 hounds
  4 orc priests
  A jelly (D:10)
  4 orc wizards
  A bullfrog skeleton (D:5)
  A centaur skeleton (D:6)
  Jessica (D:2)
  4 iguanas
  5 worker ants
  2 killer bee zombies
  2 hound zombies
  A hound skeleton (D:11)
  A worker ant zombie (D:11)
  18 gnolls
  12 adders
  3 shadow imps
  4 oozes
  2 adder skeletons
  An adder zombie (D:5)
  2 worms
  5 leopard geckos
  39 orcs
  3 giant cockroaches
  5 goblins
  5 hobgoblins
  8 jackals (D:1)
  14 kobolds
  3 quokkas
  2 ball pythons
  7 bats
  7 frilled lizards
  A quokka skeleton (D:4)
  A quokka zombie (D:6)
  3 rats
261 creatures vanquished.

Vanquished Creatures (others)
  An orc wizard (D:5)
  3 orcs (D:7)
  11 fungi (D:11)
  3 plants (D:11)
18 creatures vanquished.

Grand Total: 279 creatures vanquished

Notes
Turn   | Place    | Note
-------+----------+-------------------------------------------
     0 | D:1      | KristoblXynda the Draconian Gladiator began the quest for the Orb.
     0 | D:1      | Reached XP level 1. HP: 17/17 MP: 1/1
   308 | D:1      | Reached XP level 2. HP: 15/24 MP: 2/2
  1277 | D:2      | Reached XP level 3. HP: 29/29 MP: 3/3
  1344 | D:2      | Noticed Jessica
  1347 | D:2      | Reached skill level 4 in Long Blades
  1352 | D:2      | Killed Jessica
  1352 | D:2      | Reached XP level 4. HP: 26/36 MP: 4/4
  2220 | D:3      | Found a shattered altar of Ashenzari.
  2429 | D:3      | Reached skill level 5 in Long Blades
  2429 | D:3      | Reached XP level 5. HP: 22/41 MP: 5/5
  2824 | D:4      | Noticed an ogre
  2839 | D:4      | Killed an ogre
  2921 | D:4      | Noticed an ogre
  2940 | D:4      | HP: 3/61 [ogre/giant club (17)]
  2941 | D:4      | Killed an ogre
  2941 | D:4      | Reached skill level 6 in Long Blades
  2941 | D:4      | Reached XP level 6. HP: 4/48 MP: 6/6
  3142 | D:4      | Noticed Curus's ghost (novice HOAK)
  3200 | D:4      | Killed Curus's ghost
  3200 | D:4      | Reached skill level 7 in Long Blades
  3200 | D:4      | Your scales start taking on a dull iron-grey colour.
  3200 | D:4      | Reached XP level 7. HP: 55/55 MP: 7/7
  3200 | D:4      | Gained mutation: You can survive without breathing. [Grey Draconian growth]
  3311 | D:4      | Reached skill level 5 in Dodging
  3334 | D:4      | Found a sparkling altar of Nemelex Xobeh.
  3394 | D:4      | Found a staircase to the Ecumenical Temple.
  3416 | Temple   | Entered the Ecumenical Temple
  3481 | Temple   | Became a worshipper of Qazlal Stormbringer
  4026 | D:5      | Entered Level 5 of the Dungeon
  4057 | D:5      | Reached skill level 8 in Long Blades
  4095 | D:5      | Reached XP level 8. HP: 31/61 MP: 8/8
  4294 | D:5      | Reached skill level 1 in Invocations
  4450 | D:5      | Found a sacrificial altar of Ru.
  4575 | D:5      | Found a white marble altar of Elyvilon.
  4907 | D:6      | Reached skill level 9 in Long Blades
  4922 | D:6      | Found a deep blue altar of Sif Muna.
  4942 | D:6      | Found a hazy altar of Hepliaklqana.
  4948 | D:6      | Noticed Menkaure
  4955 | D:6      | Killed Menkaure
  5045 | D:6      | Reached * piety under Qazlal
  5053 | D:6      | HP: 3/60 [adder (5)]
  5398 | D:6      | Reached XP level 9. HP: 62/66 MP: 11/11
  5450 | D:6      | Noticed Edmund
  5457 | D:6      | Killed Edmund
  5844 | D:6      | Reached skill level 10 in Long Blades
  5918 | D:6      | Reached skill level 1 in Evocations
  5928 | D:6      | Reached ** piety under Qazlal
  6234 | D:6      | Found a glowing golden altar of the Shining One.
  6528 | D:7      | Noticed Joseph
  6542 | D:7      | Noticed a two-headed ogre
  6549 | D:7      | Killed Joseph
  6549 | D:7      | Reached skill level 5 in Invocations
  6558 | D:7      | Killed a two-headed ogre
  6578 | D:7      | Reached XP level 10. HP: 6/72 MP: 14/14
  6802 | D:7      | Noticed Pikel
  6846 | D:7      | Killed Pikel
  7558 | D:8      | Noticed a two-headed ogre
  7569 | D:8      | Killed a two-headed ogre
  7569 | D:8      | Reached skill level 11 in Long Blades
  7728 | D:8      | Noticed a two-headed ogre
  7738 | D:8      | Killed a two-headed ogre
  7738 | D:8      | Reached skill level 5 in Evocations
  7958 | D:9      | Noticed a two-headed ogre
  7970 | D:9      | Killed a two-headed ogre
  8368 | D:9      | Noticed a red ugly thing
  8369 | D:9      | Reached *** piety under Qazlal
  8382 | D:9      | Reached XP level 11. HP: 40/79 MP: 16/16
  8389 | D:9      | Killed a red ugly thing
  8700 | D:9      | Found an iron altar of Okawaru.
  8723 | D:9      | Found a sacrificial altar of Ru.
  8727 | D:9      | Found a bloodstained altar of Trog.
  8728 | D:9      | Found a shattered altar of Ashenzari.
  9075 | D:10     | Entered Level 10 of the Dungeon
  9188 | D:10     | Noticed Psyche
  9197 | D:10     | Killed Psyche
  9556 | D:10     | Reached skill level 1 in Shields
  9727 | D:10     | Noticed a two-headed ogre
  9738 | D:10     | Killed a two-headed ogre
 10282 | D:10     | Found a staircase to the Orcish Mines.
 10379 | D:11     | Noticed a six-headed hydra
 10393 | D:11     | Killed a six-headed hydra
 10403 | D:11     | Reached skill level 12 in Long Blades
 10708 | D:11     | Noticed a green ugly thing
 10716 | D:11     | Killed a green ugly thing
 10736 | D:11     | Noticed a two-headed ogre
 10748 | D:11     | Killed a two-headed ogre
 10845 | D:11     | Noticed Snorg
 10885 | D:11     | HP: 1/79 [cyclops (3)]
 10902 | D:11     | Reached **** piety under Qazlal
 10935 | D:11     | Found a staircase to the Lair.
 11149 | D:11     | Found Tocuh's Distillery.
 11152 | D:11     | Bought 2 potions of agility for 104 gold pieces
 11152 | D:11     | Bought a potion of mutation for 104 gold pieces
 11152 | D:11     | Gained mutation: Your flesh is cold resistant. (rC+) [potion of mutation]
 11152 | D:11     | Gained mutation: You are frail. (-10% HP) [potion of mutation]
 11152 | D:11     | Gained mutation: You tend to lose your temper in combat. [potion of mutation]
 11152 | D:11     | Gained mutation: Your large and strong wings let you fly indefinitely. [potion of mutation]
 11153 | D:11     | Lost mutation: Your large and strong wings let you fly indefinitely. [potion of mutation]
 11153 | D:11     | Lost mutation: Your flesh is cold resistant. (rC+) [potion of mutation]
 11153 | D:11     | Lost mutation: You are frail. (-10% HP) [potion of mutation]
 11153 | D:11     | Lost mutation: You tend to lose your temper in combat. [potion of mutation]
 11153 | D:11     | Gained mutation: Your tail ends in a poisonous barb. [potion of mutation]
 11153 | D:11     | Gained mutation: You have large cloven feet. [potion of mutation]
 11153 | D:11     | Gained mutation: Scrolls take you a little longer to read. [potion of mutation]
 11153 | D:11     | Gained mutation: Your mind is acute. (Int +2) [potion of mutation]
 11245 | D:11     | Reached skill level 10 in Dodging
 11245 | D:11     | Reached skill level 5 in Shields
 11254 | D:11     | Slain by Snorg

Vault maps used:
D:1:      nagdon_arrival_double_spiral, serial_forest,
          infiniplex_forest_clump_small, infiniplex_forest_end_1,
          infiniplex_forest_end_3, infiniplex_forest_straight_2,
          infiniplex_forest_clump_large, infiniplex_forest_straight_2,
          infiniplex_forest_lined_corner, st_stairs_11
D:2:      uniq_jessica
D:3:      nicolae_ashenzari_panopticon
D:4:      overflow_temple_1_default, minmay_temple_entry_statues_fountains,
          cheibrodos_sewer_entry_sluice, kennysheep_potato
D:5:      overflow_temple_1_default, first_ration,
          nicolae_ru_the_path_less_chosen
D:6:      tso_altar, overflow_temple_1_default, basic_altar, uniq_menkaure,
          uniq_edmund
D:7:      lightli_minifort, uniq_pikel, uniq_joseph
D:9:      grunt_temple_overflow_open, basic_altar
D:10:     grunt_livestock, uniq_psyche
D:11:     grunt_lair_entry_orc_guard_hut, serial_shops, shop, uniq_snorg
Temple:   regret_index_temple_waves

Skill      XL: |  1  2  3  4  5  6  7  8  9 10 11 |
---------------+----------------------------------+-----
Throwing       | 2 |  2.0
Dodging        | 3 4 5 6 7 8 10 | 10.0
Long Blades    | 4 5 6 7 8 9 10 11 12 | 12.4
Invocations    | 3 5 7 8 |  8.0
Evocations     | 3 5 6 |  6.0
Shields        | 5 |  5.0
Fighting       | |  2.1

Action                   |  1- 3 |  4- 6 |  7- 9 | 10-12 || total
-------------------------+-------+-------+-------+-------++-------
Melee: Long sword        |    81 |   157 |   240 |       ||   478
       Tailslap          |    13 |    20 |    60 |   108 ||   201
       Falchion          |       |       |    87 |   551 ||   638
Throw: Throwing net      |       |     2 |       |       ||     2
Evoke: Wand              |       |       |     5 |    26 ||    31
  Use: Scroll            |       |     8 |     2 |     7 ||    17
       Potion            |       |     4 |       |    10 ||    14
 Stab: Sleeping          |       |     4 |     1 |       ||     5
       Paralysed         |       |       |       |    21 ||    21
       Invisible         |       |       |       |    11 ||    11
  Eat: Chunk             |     1 |     4 |     2 |     7 ||    14
       Ration            |       |     1 |     3 |     2 ||     6
Armor: Skin              |    31 |    62 |   103 |   105 ||   301
Dodge: Dodged            |    70 |   102 |   223 |   335 ||   730
Block: Other             |       |       |     7 |    36 ||    43
       Shield            |       |       |       |   194 ||   194
       Rpst.: Long sword |    21 |    34 |    56 |       ||   111
       Falchion          |       |       |    14 |    75 ||    89

Table legend:
 A = Spawn XP
 B = Non-spawn XP
 C = Spawn XP percentage of total XP
 D = Spawn monster count
 E = Non-spawn monster count
 F = Spawn count percentage of total count
 G = Total turns spent on level
                    A         B        C        D         E        F      G
               +---------+---------+-------+---------+---------+-------+---------
         Total |       0 |   20819 |   0.0 |       0 |     261 |   0.0 | 11254
               +---------+---------+-------+---------+---------+-------+---------
           D:1 |       0 |      39 |   0.0 |       0 |      23 |   0.0 |  1273
           D:2 |       0 |      84 |   0.0 |       0 |      18 |   0.0 |   497
           D:3 |       0 |      96 |   0.0 |       0 |      30 |   0.0 |  1025
           D:4 |       0 |    1065 |   0.0 |       0 |      26 |   0.0 |  1045
           D:5 |       0 |     770 |   0.0 |       0 |      17 |   0.0 |   796
           D:6 |       0 |    1794 |   0.0 |       0 |      39 |   0.0 |  1693
           D:7 |       0 |    3007 |   0.0 |       0 |      21 |   0.0 |   995
           D:8 |       0 |    2441 |   0.0 |       0 |      19 |   0.0 |   448
           D:9 |       0 |    2471 |   0.0 |       0 |      19 |   0.0 |  1117
          D:10 |       0 |    3405 |   0.0 |       0 |      24 |   0.0 |  1290
          D:11 |       0 |    5647 |   0.0 |       0 |      25 |   0.0 |   889
               +---------+---------+-------+---------+---------+-------+---------
